 Dungeon Crawl Stone Soup version 0.29-a0-542-g075992c915 (webtiles) character file.

Game seed: 10892595764934797287

1383 Nedwor the Cleaver (level 8, -4/62 (71) HPs)
             Began as a Minotaur Berserker on June 3, 2022.
             Was a Priest of Trog.
             Slain by a wight
             ... wielding a +0 dire flail
              (13 damage)
             ... on level 7 of the Dungeon.
             The game lasted 00:08:15 (7257 turns).

Nedwor the Cleaver (Minotaur Berserker)             Turns: 7257, Time: 00:08:16

HP:   -4/62 (71)    AC:  8    Str: 24    XL:     8   Next: 40%
MP:   7/7           EV: 11    Int:  4    God:    Trog [***...]
Gold: 306           SH:  0    Dex: 10    Spells: 7/7 levels left

rFire   . . .      SeeInvis .   a - +0 hand axe
rCold   + . .      Faith    .   (no shield)
rNeg    . . .      Spirit   .   s - +0 scale mail
rPois   .          Reflect  .   (helmet restricted)
rElec   .          Harm     .   (no cloak)
rCorr   .          Rampage  .   (no gloves)
Will    .....                   z - +0 pair of boots
Stlth   ..........              (no amulet)
HPRegen 0.20/turn               o - ring of protection from cold
MPRegen 0.10/turn               (no ring)

@: on berserk cooldown, slowed, heavily drained, very slow
A: horns 2, retaliatory headbutt
a: Renounce Religion, Berserk, Trog's Hand


You were on level 7 of the Dungeon.
You worshipped Trog.
Trog was most pleased with you.
You visited 1 branch of the dungeon, and saw 7 of its levels.
You also visited: Ossuary.

You collected 306 gold pieces.

Inventory:

Hand Weapons
 a - a +0 hand axe (weapon)
Armour
 s - a +0 scale mail (worn)
 z - a +0 pair of boots (worn)
Jewellery
 o - a ring of protection from cold (left hand)
Wands
 l - a wand of polymorph (5)
Scrolls
 c - 6 scrolls of teleportation {unknown}
 e - 11 scrolls of identify {unknown}
 h - 3 scrolls of fear {unknown}
 k - a scroll of vulnerability {unknown}
 n - 6 scrolls of fog {unknown}
 p - a scroll of noise {unknown}
 r - 2 scrolls of immolation {unknown}
 t - 3 scrolls of magic mapping {unknown}
 v - a scroll of enchant weapon {unknown}
 w - 3 scrolls of brand weapon {unknown}
 y - a scroll of poison {unknown}
Potions
 b - a potion of cancellation {unknown}
 d - 2 potions of curing
 f - a potion of mutation {unknown}
 g - a potion of invisibility {unknown}
 i - a potion of magic {unknown}
 j - 2 potions of might {unknown}
 m - 2 potions of haste {unknown}
 q - a potion of attraction {unknown}
 u - a potion of berserk rage {unknown}
 x - 4 potions of brilliance {unknown}
 A - a potion of ambrosia {unknown}


   Skills:
 + Level 6.6 Fighting
 * Level 8.7 Axes
 + Level 5.9 Armour
 + Level 5.4 Dodging


You had 7 spell levels left.
You didn't know any spells.
Your spell library was empty.

Dungeon Overview and Level Annotations

Branches:
Dungeon (7/15)             Temple (0/1) D:7         Ossuary (visited)

Altars:
Ashenzari
Cheibriados
Fedhas
Hepliaklqana
Makhleb
Qazlal
Sif Muna
Wu Jian
Xom
The Shining One

Shops:
D:4 [


Innate Abilities, Weirdness & Mutations

You have a pair of horns on your head.
You reflexively headbutt those who attack you in melee.


Message History

You closely miss the wight.
The wight is severely damaged.
You hit the wight but do no damage. You barely miss the wight.
The wight hits you but does no damage. The wight barely misses you.
The wight hits you with a +0 dire flail.
The wight closely misses you. The wight barely misses you.
The wight misses you.
You hit the wight. You headbutt the wight!
The wight is severely damaged.
You barely miss the wight. You hit the wight but do no damage.
You closely miss the wight. You hit the wight but do no damage.
The wight closely misses you.
The wight hits you with a +0 long sword.
You feel drained. The wight hits you with a +2 mace.
The wight hits you with a +2 falchion!
You feel drained. The wight hits you with a +3 war axe.
You feel drained.
You hit the wight.
The wight is severely damaged.
You closely miss the wight. x2; You hit the wight but do no damage. x2
The wight hits you with a +0 dire flail.
You feel drained. The wight hits you with a +2 mace.
The wight completely misses you. The wight closely misses you.
You furiously retaliate!
You headbutt the wight.
The wight hits you with a +0 long sword!
It was a potion of curing.
You feel better.
The wight hits you with a +0 dire flail!
You feel drained.
The wight hits you with a +0 long sword!
* * * LOW HITPOINT WARNING * * *
The wight barely misses you. You furiously retaliate!
You headbutt the wight!
You destroy the wight!
Trog accepts your kill. The wight hits you with a +2 falchion.
* * * LOW HITPOINT WARNING * * *
The wight barely misses you. The wight closely misses you.
The wight barely misses you.
The wight hits you with a +0 long sword.
* * * LOW HITPOINT WARNING * * *
The wight hits you with a +0 dire flail!
You die...

. .. ### ... #
#.## ...# #$ ###
##..#... ...#..#
#....# .......
#.<.#
.......###..###.#
......)@z.......#
......zzz⌠.....##
...............#
.......⌠.>.⌠.....
..................
.........⌠........
..................
.................


You could see 4 wights.

Vanquished Creatures
  A water moccasin (D:4)
  2 ice beasts (D:6)
  An ogre (D:4)
  An elf zombie (Ossuary)
  A necrophage (D:6)
  2 scorpions
  4 wights
  A howler monkey (D:6)
  2 hounds
  A human zombie (Ossuary)
  A jelly (D:6)
  An orc priest (D:3)
  A gnoll shaman (D:5)
  An iguana (D:4)
  An orc wizard (D:3)
  A hound zombie (Ossuary)
  4 mummies (Ossuary)
  7 gnolls
  10 adders
  An ufetubus (D:5)
  2 adder zombies (Ossuary)
  A worm (D:2)
  4 dart slugs
  10 orcs
  6 bats
  9 endoplasms
  4 giant cockroaches
  2 gnoll zombies (Ossuary)
  7 hobgoblins
  3 jackals (D:3)
  4 quokkas
  7 ball pythons
  2 frilled lizards (D:3)
  6 goblins
  3 goblin zombies (Ossuary)
  6 kobolds
  An orc zombie (Ossuary)
  A quokka zombie (D:5)
  5 rats
  2 rat zombies
129 creatures vanquished.

Vanquished Creatures (others)
  4 fungi (D:4)
  2 plants (D:4)
6 creatures vanquished.

Grand Total: 135 creatures vanquished

Notes
Turn   | Place    | Note
-------+----------+-------------------------------------------
     0 | D:1      | Nedwor the Minotaur Berserker began the quest for the Orb.
     0 | D:1      | Reached XP level 1. HP: 19/19 MP: 0/0
   164 | D:1      | Found a faded altar of an unknown god.
   329 | D:1      | Reached skill level 4 in Axes
   329 | D:1      | Reached XP level 2. HP: 13/27 MP: 1/1
   991 | D:1      | Reached XP level 3. HP: 30/33 MP: 2/2
  1130 | D:1      | Reached ** piety under Trog
  2185 | D:3      | Reached XP level 4. HP: 37/40 MP: 3/3
  2262 | D:3      | Found an ornate altar of the Wu Jian Council.
  2407 | D:3      | Reached skill level 5 in Axes
  2739 | D:3      | Reached XP level 5. HP: 47/47 MP: 4/4
  3272 | D:4      | Found a blossoming altar of Fedhas.
  3273 | D:4      | Found a stormy altar of Qazlal.
  3761 | D:4      | Found a glowing golden altar of the Shining One.
  3838 | D:4      | Noticed an ogre
  3845 | D:4      | Killed an ogre
  3845 | D:4      | Reached *** piety under Trog
  3846 | D:4      | Reached skill level 6 in Axes
  3846 | D:4      | Reached XP level 6. HP: 30/55 MP: 5/5
  4078 | D:4      | Found Kidene's Antique Armour Boutique.
  4085 | D:4      | Reached skill level 5 in Fighting
  4112 | D:4      | Found a burning altar of Makhleb.
  4113 | D:4      | Found a shimmering blue altar of Sif Muna.
  4115 | D:4      | Found a broken altar of Ashenzari.
  4118 | D:4      | Found a shimmering altar of Xom.
  4118 | D:4      | Found a hazy altar of Hepliaklqana.
  4183 | D:4      | Noticed a water moccasin
  4197 | D:4      | Killed a water moccasin
  4617 | D:4      | Found a snail-covered altar of Cheibriados.
  4667 | D:5      | Entered Level 5 of the Dungeon
  4721 | D:5      | Reached XP level 7. HP: 55/61 MP: 6/6
  4842 | D:5      | Reached skill level 7 in Axes
  5214 | D:5      | Found a sand-covered staircase.
  5222 | Ossuary  | Entered an ossuary
  5251 | Ossuary  | Reached skill level 5 in Armour
  6326 | D:6      | Reached skill level 8 in Axes
  6326 | D:6      | Reached XP level 8. HP: 36/68 MP: 7/7
  6547 | D:6      | Reached skill level 5 in Dodging
  7247 | D:7      | Found a staircase to the Ecumenical Temple.
  7257 | D:7      | Slain by a wight

Illustrated notes

Levels and vault maps discovered:
D:1:      minmay_arrival_four_circles, layout_loops_corners,
          dreamdust_ecumenical_altar_grove
D:2:      layout_rooms, chequers_jeans
D:3:      layout_loops_ring, mainiacjoe_overflow_24_doors,
          wander_ebering_terrifying_dragon_lair
D:4:      layout_loops_ring, grunt_temple_overflow_forces_of_nature,
          mainiacjoe_overflow_cross_hatched, grunt_temple_overflow_open,
          mainiacjoe_overflow_alcove_2, serial_shops, shop
D:5:      layout_rooms, enter_ossuary_4, minivault_4
D:6:      layout_basic
D:7:      layout_cave_pools, temple_fountains, uniq_prince_ribbit1

Skill      XL: |  1  2  3  4  5  6  7  8 |
---------------+-------------------------+-----
Axes           | 4 5 6 8 |  8.7
Fighting       | 4 5 6 |  6.6
Armour         | 3 4 5 |  5.9
Dodging        | 3 4 5 |  5.4

Action                   |  1- 3 |  4- 6 |  7- 9 || total
-------------------------+-------+-------+-------++-------
Melee: Hand axe          |    81 |   149 |   150 ||   380
       Headbutt          |    10 |    17 |    30 ||    57
       Punch             |       |     1 |       ||     1
Invok: Berserk           |     1 |     3 |     4 ||     8
       Trog's Hand       |       |     1 |       ||     1
  Use: Potion            |       |       |     1 ||     1
Armor: Animal skin       |    16 |       |       ||    16
       Ring mail         |     2 |    43 |       ||    45
       Scale mail        |       |       |    45 ||    45
Dodge: Dodged            |    43 |    79 |    79 ||   201

Table legend: (Time is in decaauts)
 A = Elapsed time spent in this place.
 B = Non-inter-level travel time spent in this place.
 C = Inter-level travel time spent in this place.
 D = Time resting spent in this place.
 E = Time spent auto-exploring this place.
 F = Levels seen in this place.
 G = Mean time per level.
                   A        B        C        D        E       F      G
               +--------+--------+--------+--------+--------+-----+--------+
         Total |   7316 |   6952 |    364 |   1367 |   4697 |   8 |  914.5 |
       Dungeon |   6713 |   6349 |    364 |   1060 |   4502 |   7 |  959.0 |
       Ossuary |    603 |    603 |      0 |    307 |    195 |   1 |  603.0 |
               +--------+--------+--------+--------+--------+-----+--------+

Top non-repeatable levels by time:
     D:4: 1461 daAuts
     D:1: 1349 daAuts
     D:3: 1220 daAuts
     D:6: 1124 daAuts
     D:5: 806 daAuts
     D:2: 742 daAuts
 Ossuary: 603 daAuts
     D:7: 9 daAuts
